 Dungeon Crawl Stone Soup version 0.29-a0-322-g68df515428 (webtiles) character file.

Game seed: 2134571412186396569

450 chunkyMonkey the Skirmisher (level 7, -3/67 (74) HPs)
             Began as an Ogre Fighter on Apr 5, 2022.
             Was an Initiate of Cheibriados.
             Slain by a wight
             ... wielding a +4 battleaxe of freezing
              (4 damage)
             ... on level 4 of the Dungeon.
             The game lasted 00:06:44 (5004 turns).

chunkyMonkey the Skirmisher (Ogre Fighter)          Turns: 5004, Time: 00:06:45

HP:   -3/67 (74)    AC:  7    Str: 24    XL:     7   Next: 4%
MP:   10/10         EV: 13    Int: 10    God:    Cheibriados [......]
Gold: 268           SH:  7    Dex:  9    Spells: 10/10 levels left

rFire   . . .      SeeInvis .   g - +0 broad axe
rCold   . . .      Faith    .   c - +0 kite shield
rNeg    . . .      Spirit   .   b - +0 robe
rPois   .          Reflect  .   (helmet restricted)
rElec   .          Harm     .   (no cloak)
rCorr   .          Rampage  .   (gloves unavailable)
Will    .....                   (boots unavailable)
Stlth   +.........              (no amulet)
HPRegen 0.21/turn               l - +4 ring of protection
MPRegen 0.12/turn               t - +4 ring of evasion

@: mighty, drained, very slow
A: large, unfitting armour, tough skin 1
a: Renounce Religion


You were on level 4 of the Dungeon.
You worshipped Cheibriados.
Cheibriados was noncommittal.
You visited 2 branches of the dungeon, and saw 5 of its levels.

You collected 268 gold pieces.

Inventory:

Hand Weapons
 a - a +0 war axe
 g - a +0 broad axe (weapon)
Missiles
 y - 2 poisoned darts (quivered)
Armour
 b - a +0 robe (worn)
 c - a +0 kite shield (worn)
Jewellery
 l - a +4 ring of protection (left hand)
 m - a ring of poison resistance
 t - a +4 ring of evasion (right hand)
Scrolls
 e - 2 scrolls of fog {unknown}
 h - 3 scrolls of brand weapon {unknown}
 i - a scroll of holy word {unknown}
 j - 6 scrolls of identify {unknown}
 k - 3 scrolls of vulnerability {unknown}
 o - a scroll of magic mapping {unknown}
 q - 2 scrolls of teleportation {unknown}
 r - a scroll of silence {unknown}
 v - a scroll of immolation {unknown}
Potions
 f - 5 potions of curing
 n - a potion of haste {unknown}
 p - a potion of lignification {unknown}
 s - a potion of attraction {unknown}
 u - 2 potions of degeneration {unknown}
 x - a potion of invisibility {unknown}


   Skills:
 * Level 5.8 Fighting
 * Level 3.9 Axes
 + Level 1.5 Armour
 + Level 3.4 Dodging
 * Level 4.0 Shields
 + Level 2.3 Spellcasting


You had 10 spell levels left.
You didn't know any spells.
Your spell library contained the following spells:

 Spells                   Type           Power      Damage    Failure   Level
 Blink                    Tloc           2%         N/A       71%         2
 Lesser Beckoning         Tloc           1%         N/A       91%         3
 Manifold Assault         Tloc           1%         N/A       100%        5


Dungeon Overview and Level Annotations

Branches:
Dungeon (4/15)             Temple (1/1) D:4

Altars:
Ashenzari
Cheibriados
Dithmenos
Elyvilon
Fedhas
Gozag
Hepliaklqana
Nemelex Xobeh
Okawaru
Qazlal
Sif Muna
Trog
Uskayaw
Vehumet
Wu Jian
Xom
Yredelemnul
Zin
The Shining One
Lugonu

Portals:
Abyss: D:4


Innate Abilities, Weirdness & Mutations

You are too large for most types of armour.
You have tough skin. (AC +1)


Message History

The wight barely misses you.
You completely miss the wight. The wight hits you with a +3 spear.
You feel very mighty all of a sudden. The wight hits you with a +3 spear.
You slash the wight!
The wight is heavily damaged.
The wight hits you with a +3 spear.
You feel drained. You block the wight's attack.
You slash the wight!
You destroy the wight!
Cheibriados appreciates the change of pace.
Your Shields skill increases to level 4!
You have reached level 7!
You barely miss the wight.
The wight hits you with a +4 battleaxe of freezing!
* * * LOW HITPOINT WARNING * * *
The wight freezes you.
* * * LOW HITPOINT WARNING * * *
You block the wight's attack.
Unknown command.
You slash the wight!
The wight is heavily damaged.
The wight closely misses you.
The wight hits you with a +4 battleaxe of freezing.
* * * LOW HITPOINT WARNING * * *
The wight freezes you.
* * * LOW HITPOINT WARNING * * *
You barely miss the wight.
The wight is heavily damaged.
The wight hits you with a +4 battleaxe of freezing.
* * * LOW HITPOINT WARNING * * *
You feel drained.
* * * LOW HITPOINT WARNING * * *
The wight freezes you.
* * * LOW HITPOINT WARNING * * *
It was a potion of curing.
You feel better.
The wight hits you with a +4 battleaxe of freezing!
* * * LOW HITPOINT WARNING * * *
You feel drained.
You die...

#..# #..# #..# #.$#
#..# #.. #z# .## #@#
..# .. #.# #.# ....
###.####.# ...
##........# ..
##.#..#.##.# #.
##.#....#.#.# #.##
###.###..§#.#.#
#..####...#...#§_#..#
#..............§...#


You could see a wight.

Vanquished Creatures
  A black bear (D:3)
  A scorpion (D:4)
  2 wights (D:4)
  A hound (D:4)
  An orc wizard (D:3)
  6 adders
  A worm (D:3)
  3 dart slugs
  6 orcs
  12 endoplasms
  2 giant cockroaches (D:2)
  6 goblins
  11 hobgoblins
  3 quokkas
  5 ball pythons
  8 bats
  2 frilled lizards
  4 kobolds
  4 rats
  A lurking horror (D:4)
80 creatures vanquished.

Vanquished Creatures (others)
  A lurking horror (D:4)
1 creature vanquished.

Grand Total: 81 creatures vanquished

Notes
Turn   | Place    | Note
-------+----------+-------------------------------------------
     0 | D:1      | chunkyMonkey the Ogre Fighter began the quest for the Orb.
     0 | D:1      | Reached XP level 1. HP: 24/24 MP: 1/1
   155 | D:1      | Reached XP level 2. HP: 25/32 MP: 2/2
   671 | D:1      | Reached XP level 3. HP: 40/40 MP: 4/4
  1095 | D:2      | Found a sparkling altar of Nemelex Xobeh.
  1217 | D:2      | Reached skill level 1 in Spellcasting
  1226 | D:2      | Reached XP level 4. HP: 43/49 MP: 5/5
  2142 | D:3      | Reached XP level 5. HP: 27/55 MP: 7/7
  2878 | D:3      | Reached skill level 5 in Fighting
  2924 | D:3      | Reached skill level 1 in Armour
  3013 | D:3      | Noticed a black bear
  3024 | D:3      | Killed a black bear
  3025 | D:3      | Reached XP level 6. HP: 40/66 MP: 8/8
  3894 | D:4      | Found a staircase to the Ecumenical Temple.
  3914 | Temple   | Entered the Ecumenical Temple
  4004 | Temple   | Became a worshipper of Cheibriados the Contemplative
  4189 | D:4      | Found a one-way gate to the infinite horrors of the Abyss.
  4190 | D:4      | Found a corrupted altar of Lugonu.
  5001 | D:4      | Reached XP level 7. HP: 29/71 MP: 10/10
  5004 | D:4      | HP: 1/70 [wight/+4 battleaxe of freezing (13)]
  5004 | D:4      | Slain by a wight

Illustrated notes

Levels and vault maps discovered:
D:1:      dpeg_arrival_fog, layout_basic, minmay_box_of_dots
D:2:      layout_basic, basic_altar, minmay_joined_circles
D:3:      minmay_wonky_spiral, layout_basic
D:4:      layout_cave_pods, minmay_temple_entry_large_hall,
          amcnicky_altar_lugonu_corruption, uniq_edmund, uniq_sigmund,
          uniq_menkaure
Temple:   mainiacjoe_temple_bowtie_tessellation

Skill      XL: |  1  2  3  4  5  6 |
---------------+-------------------+-----
Shields        | 3 4 |  4.0
Spellcasting   | 1 2 |  2.3
Axes           | 3 |  3.9
Dodging        | 3 |  3.4
Fighting       | 5 |  5.8
Armour         | 1 |  1.5

Action                   |  1- 3 |  4- 6 |  7- 9 || total
-------------------------+-------+-------+-------++-------
Melee: War axe           |    12 |       |       ||    12
       Broad axe         |    83 |   185 |     3 ||   271
Throw: Dart              |       |     1 |       ||     1
  Use: Potion            |       |     1 |     1 ||     2
 Stab: Sleeping          |       |     2 |       ||     2
Armor: Robe              |    51 |    74 |       ||   125
Dodge: Dodged            |    46 |    96 |     1 ||   143
Block: Kite shield       |    36 |    80 |     1 ||   117

Table legend: (Time is in decaauts)
 A = Elapsed time spent in this place.
 B = Non-inter-level travel time spent in this place.
 C = Inter-level travel time spent in this place.
 D = Time resting spent in this place.
 E = Time spent auto-exploring this place.
 F = Levels seen in this place.
 G = Mean time per level.
                   A        B        C        D        E       F      G
               +--------+--------+--------+--------+--------+-----+--------+
         Total |   5282 |   5132 |    150 |   1687 |   2604 |   5 | 1056.4 |
       Dungeon |   5026 |   4882 |    144 |   1687 |   2382 |   4 | 1256.5 |
        Temple |    256 |    250 |      6 |      0 |    222 |   1 |  256.0 |
               +--------+--------+--------+--------+--------+-----+--------+

Top non-repeatable levels by time:
     D:3: 1709 daAuts
     D:2: 1166 daAuts
     D:4: 1134 daAuts
     D:1: 1016 daAuts
  Temple: 256 daAuts
